 Dungeon Crawl Stone Soup version 0.23-a0-629-gae4348f (webtiles) character file.

170 Lanoc the Slasher (level 5, 0/45 HPs)
             Began as a Minotaur Warper on Dec 26, 2018.
             Was an Initiate of the Shining One.
             Killed from afar by an orc wizard (8 damage)
             ... with a puff of flame
             ... on level 3 of the Dungeon.
             The game lasted 00:04:05 (1708 turns).

Lanoc the Slasher (Minotaur Warper)                 Turns: 1708, Time: 00:04:06

Health: 0/45       AC:  3    Str: 16    XL:     5   Next: 25%
Magic:  6/6        EV: 12    Int: 10    God:    the Shining One [......]
Gold:   101        SH:  0    Dex: 10    Spells: 6/6 levels left

rFire    . . .     SeeInvis .   a - +0 falchion
rCold    . . .     Gourm    .   (no shield)
rNeg     . . .     Faith    .   b - +0 leather armour
rPois    .         Spirit   .   (helmet restricted)
rElec    .         Reflect  .   (no cloak)
rCorr    .         Harm     .   (no gloves)
MR       .....                  (no boots)
Stlth    +.........             (no amulet)
HPRegen  0.15/turn              n - ring of wizardry
MPRegen  0.10/turn              s - ring of flight

@: glowing
A: retaliatory headbutt, horns 2
a: Renounce Religion, Evoke Flight


You were on level 3 of the Dungeon.
You worshipped the Shining One.
The Shining One was noncommittal.
You were hungry.

You visited 1 branch of the dungeon, and saw 3 of its levels.

You collected 101 gold pieces.

Inventory:

Hand Weapons
 a - a +0 falchion (weapon)
Missiles
 e - 5 tomahawks of dispersal (quivered)
 g - 13 tomahawks
 m - 6 exploding tomahawks
 q - 20 poisoned needles
Armour
 b - a +0 leather armour (worn)
Jewellery
 n - a ring of wizardry (left hand)
 s - a ring of flight (right hand)
Scrolls
 c - 2 scrolls of enchant armour {unknown}
 d - a scroll of blinking
 j - a scroll of identify {unknown}
 k - a scroll of fear {unknown}
 p - a scroll of remove curse {unknown}
 u - a scroll of amnesia {unknown}
 v - 2 scrolls of teleportation {unknown}
Potions
 h - 2 potions of agility {unknown}
 i - a potion of lignification {unknown}
 l - 3 potions of mutation {unknown}
 o - a potion of cancellation {unknown}
 r - 2 potions of curing {unknown}
 w - a potion of brilliance {unknown}
Comestibles
 f - 9 rations


   Skills:
 + Level 3.3 Fighting
 * Level 4.3 Long Blades
 + Level 2.1 Throwing
 + Level 2.8 Armour
 + Level 3.0 Dodging
 - Level 1.3 Spellcasting
   Level 2.1 Translocations


You had 6 spell levels left.
You didn't know any spells.
Your spell library contained the following spells:

 Spells                   Type           Power        Failure   Level  Hunger
 Blink                    Tloc           N/A          10%         2    ###....
 Shroud of Golubria       Chrm/Tloc      #.........   16%         2    ###....
 Gell's Gravitas          Tloc           #.........   19%         3    ####...
 Lesser Beckoning         Tloc           #.........   19%         3    ####...
 Teleport Other           Tloc           #.......     19%         3    ####...
 Passage of Golubria      Tloc           N/A          52%         4    #####..


Dungeon Overview and Level Annotations

Branches:
Dungeon (3/15)

Altars:
Qazlal
The Shining One


Innate Abilities, Weirdness & Mutations

You reflexively headbutt those who attack you in melee.
You have a pair of horns on your head.


Message History

You feel less confused. The orc misses you.
You barely miss the orc. You headbutt the orc, but do no damage.
The orc is almost dead.
You closely miss something. You closely miss something.
Your headbutt misses something. Something hits you but does no damage.
You hit something. Something hits you but does no damage.
You miss something. Something hits you.
* * * LOW HITPOINT WARNING * * *
You hear some strange, mumbled words.
Something tries to affect you, but you resist.
You hit something but do no damage. Your headbutt misses something.
Something hits you but does no damage.
You barely miss something. Something hits you but does no damage.
You hit something. Your headbutt misses something.
You hear some strange, mumbled words.
A puff of flame appears from out of thin air!
The puff of flame hits you!
You die...

##? ########.....
####...@{o....#
#....####)....#
#.##.# .#...#
#.##### .. ....
###### #.....#####.
...
##....#####........
.# .#
..............>####
# .
##.##.#####.##.#
#.##.......##+##


You could see an orc.

Vanquished Creatures
  An orc priest (D:3)
  An orc wizard (D:3)
  Jessica (D:2)
  Robin (D:2)
  2 adders (D:2)
  A dart slug (D:1)
  3 leopard geckos
  6 orcs (D:3)
  3 bats
  3 giant cockroaches
  5 hobgoblins (D:2)
  2 jackals (D:2)
  A quokka (D:2)
  4 frilled lizards
  9 goblins
  2 kobolds (D:1)
  3 rats (D:2)
48 creatures vanquished.

Notes
Turn   | Place    | Note
-------+----------+-------------------------------------------
     0 | D:1      | Lanoc the Minotaur Warper began the quest for the Orb.
     0 | D:1      | Reached XP level 1. HP: 18/18 MP: 1/1
   236 | D:1      | Reached XP level 2. HP: 22/25 MP: 3/3
   587 | D:2      | Reached skill level 3 in Long Blades
   825 | D:2      | Noticed Jessica
   837 | D:2      | Killed Jessica
   837 | D:2      | Reached XP level 3. HP: 15/30 MP: 4/4
   859 | D:2      | Found a stormy altar of Qazlal.
  1096 | D:2      | Reached XP level 4. HP: 38/38 MP: 5/5
  1104 | D:2      | Noticed Robin
  1122 | D:2      | Killed Robin
  1211 | D:2      | Found a glowing golden altar of the Shining One.
  1405 | D:2      | Became a worshipper of the Shining One
  1483 | D:3      | Reached skill level 4 in Long Blades
  1686 | D:3      | Reached XP level 5. HP: 39/45 MP: 6/6
  1708 | D:3      | Killed from afar by an orc wizard

Vault maps used:
D:1:      dpeg_arrival_connections
D:2:      minmay_door_path, grunt_qazlal_sundering, tso_metal_star, uniq_robin,
          uniq_jessica
D:3:      nicolae_overflow_crystal_walls, first_ration, uniq_terence

Skill      XL: |  1  2  3  4 |
---------------+-------------+-----
Long Blades    | 3 4 |  4.3
Armour         | 2 |  2.8
Fighting       | 3 |  3.3
Throwing       | 2 |  2.1
Dodging        | 3 |  3.0
Spellcasting   | |  1.3
Translocations | |  2.1

Action                   |  1- 3 |  4- 6 || total
-------------------------+-------+-------++-------
Melee: Falchion          |    51 |    61 ||   112
       Headbutt          |     9 |    14 ||    23
  Eat: Chunk             |       |     2 ||     2
Armor: Leather armour    |    10 |    11 ||    21
Dodge: Dodged            |    35 |    35 ||    70
       Rpst.: Falchion   |    10 |     8 ||    18

Table legend:
 A = Non-vault XP
 B = Vault XP
 C = Vault XP percentage of total XP
 D = Non-vault monster count
 E = Vault monster count
 F = Vault count percentage of total count
                 A         B        C        D         E       F
            +---------+---------+-------+---------+---------+-------
      Total |     173 |      70 |  28.8 |      35 |      13 |  27.1
            +---------+---------+-------+---------+---------+-------
        D:1 |      19 |       0 |   0.0 |      10 |       0 |   0.0
        D:2 |      49 |      70 |  58.8 |      16 |      13 |  44.8
        D:3 |     105 |       0 |   0.0 |       9 |       0 |   0.0
            +---------+---------+-------+---------+---------+-------
